 Dungeon Crawl Stone Soup version 0.17-a0-1920-gafa4d75 (webtiles) character file.

68 dpvblackbelt the Sneak (level 4, 0/24 HPs)
             Began as a Kobold Enchanter on Sept 27, 2015.
             Succumbed to an adder's poison
             ... on level 3 of the Dungeon.
             The game lasted 00:06:34 (1062 turns).

dpvblackbelt the Sneak (Kobold Enchanter)           Turns: 1062, Time: 00:06:34

Health: 0/24       AC:  4    Str:  7      XL:     4   Next: 41%
Magic:  2/7        EV: 15    Int: 13      God:
Gold:   67         SH:  0    Dex: 14 (16) Spells: 2 memorised, 4 levels left

rFire  . . .     SeeInvis .     a - +1 dagger
rCold  . . .     Clarity  .     b - +1 robe
rNeg   . . .     SustAt   .     (shield restricted)
rPois  .         Gourm    .     (no helmet)
rElec  .         Spirit   .     n - +0 cloak
rCorr  .         Warding  .     (no gloves)
rMut   .         Stasis   .     (no boots)
MR     .....                    (no amulet)
Stlth  +++.......               (no ring)
                                (no ring)

@: lethally poisoned (0 -> -3), very slightly contaminated, hasted, invisible,
very quick, not resistant to hostile enchantments, fairly stealthy
A: carnivore 3
a: no special abilities


You were on level 3 of the Dungeon.
You were very full.

You visited 1 branch of the dungeon, and saw 3 of its levels.

You collected 67 gold pieces.

Inventory:

Hand weapons
 a - a +1 dagger (weapon)
Armour
 b - a +1 robe (worn)
 n - a +0 cloak (worn)
   (You took it off Crazy Yiuf on level 2 of the Dungeon)
Jewellery
 i - an uncursed amulet of guardian spirit {unknown}
   (You found it on level 1 of the Dungeon)
Magical devices
 o - a wand of polymorph (10)
   (You took it off Crazy Yiuf on level 2 of the Dungeon)
Scrolls
 f - a scroll of magic mapping {unknown}
 g - a scroll of identify {unknown}
 h - a scroll of enchant armour {unknown}
 j - a scroll of blinking {unknown}
 k - a scroll of fear {unknown}
 l - a scroll of remove curse {unknown}
 m - 2 scrolls of teleportation
 r - a scroll of immolation {unknown}
Potions
 e - a potion of invisibility
Books
 c - a book of Maledictions
Comestibles
 d - 2 meat rations {@e2@e2}
 p - 3 chunks of flesh {@w0@w0}


   Skills:
 - Level 1.3 Short Blades
 - Level 2.4 Dodging
 - Level 4.0 Stealth
 - Level 2.0 Spellcasting
 - Level 4.0 Hexes
 + Level 2.5 Ice Magic


You had 4 spell levels left.
You knew the following spells:

 Your Spells              Type           Power        Failure   Level  Hunger
a - Ensorcelled Hibernat  Hex/Ice        #.....       12%         2    ###....
v - Corona                Hex            ##.....      6%          1    ##.....


Dungeon Overview and Level Annotations

Branches:
Dungeon (3/15)

Altars:


Innate Abilities, Weirdness & Mutations

You are small and have problems with some larger weapons.
You are carnivorous and can eat meat at any time.


Message History

The adder resists with some effort.
The adder barely misses you.
You now have 4/7 mp.
Aim: an adder (chance to defeat MR: 50%)
The adder resists with some effort.
The adder bites you.
You are poisoned.
The adder poisons you!
You take 3 damage, and have 21/24 hp.
You now have 2/7 mp.
Aim: an adder (chance to defeat MR: 50%)
The adder resists with some effort.
You feel sick. The adder misses you. The adder closely misses you.
You take 1 damage, and have 20/24 hp.
You now have 0/7 mp.
You don't have enough magic to cast that spell.
You hit the adder. The adder bites you but does no damage.
You barely miss the adder. The adder closely misses you.
You barely miss the adder.
You feel sick. The adder closely misses you.
You take 1 damage, and have 19/24 hp.
You closely miss the adder. The adder barely misses you.
You miss the adder. The adder bites you.
You take 2 damage, and have 17/24 hp.
You miss the adder. The adder closely misses you. The adder barely misses you.
You completely miss the adder.
You feel sick. The adder barely misses you.
You take 1 damage, and have 16/24 hp.
You miss the adder. The adder bites you.
You are more poisoned.
The adder poisons you!
You take 4 damage, and have 12/24 hp.
Aim: an adder (lightly wounded, chance to defeat MR: 55%)
The adder is outlined in light.
The adder barely misses you.
You now have 0/7 mp.
You hit the adder.
You feel sick. The adder bites you but does no damage. The adder misses you.
You take 1 damage, and have 11/24 hp.
You hit the adder. The adder bites you but does no damage.
You barely miss the adder.
You feel sick. The adder bites you but does no damage.
You take 1 damage, and have 10/24 hp.
You closely miss the adder. The adder closely misses you.
You hit the adder.
You feel sick. The adder closely misses you.
You take 1 damage, and have 10/24 hp.
You hit the adder. The adder bites you.
* * * LOW HITPOINT WARNING * * *
You are lethally poisoned!
The adder poisons you! The adder bites you.
* * * LOW HITPOINT WARNING * * *
You take 4 damage, and have 6/24 hp.
You hit the adder.
You kill the adder!
* * * LOW HITPOINT WARNING * * *
You feel sick.
You take 1 damage, and have 5/24 hp.
Unknown command.
Drink which item? (? for menu, Esc to quit)
It was a potion of invisibility.
You fade into invisibility!
You are very lightly contaminated with residual magic.
Drink which item? (? for menu, Esc to quit)
It was a potion of haste.
You feel yourself speed up.
* * * LOW HITPOINT WARNING * * *
You feel sick.
You take 1 damage, and have 4/24 hp.
Read which item? (? for menu, Esc to quit)
As you read the scroll labeled UNANWA WITE, it crumbles to dust.
You feel strangely unstable.
It was a scroll of teleportation.
* * * LOW HITPOINT WARNING * * *
You feel sick.
You take 1 damage, and have 3/24 hp.
You see here an amethyst potion.
q - an amethyst potion Drink which item? (? for menu, Esc to quit)
It was a potion of degeneration.
There was something very wrong with that liquid.
You feel clumsy.
* * * LOW HITPOINT WARNING * * *
You feel sick.
You take 1 damage, and have 2/24 hp.
Your surroundings suddenly seem different.
Read which item? (? for menu, Esc to quit)
Okay, then.
You open the door.
There is an open door here.
* * * LOW HITPOINT WARNING * * *
You feel sick.
You take 1 damage, and have 1/24 hp.
There is a stone staircase leading down here.
You climb downwards.
Found 11 gold pieces.
Found a stone staircase leading down.
There is a stone staircase leading up here.
An ooze comes into view.
A goblin and a hobgoblin come into view.
* * * LOW HITPOINT WARNING * * *
You feel sick.
You take 1 damage, and have 1/24 hp. 2 gnolls come into view.
The gnoll shouts!
The ooze quivers.
The gnoll moves out of view.
Found a leather armour.
Found a stone staircase leading down.
A rat and a quokka come into view.
You die...

###g##### #.
.... ..#
#.####.###.#
##....#...#<#
.....>..$...#
#####...#####.#
.......J.....[#
..###....######.
.......@....r..
...............
...#...♣..#####.
......PP..#
##.#>.....#
..#....$.#
#.r##### ..


You could see an ooze and a rat (sleeping).

Vanquished Creatures
  Crazy Yiuf (D:2)
  An adder (D:2)
  A giant gecko (D:1)
  2 ball pythons
  5 bats
  2 goblins (D:1)
  4 hobgoblins
  3 jackals (D:2)
  4 kobolds
  A quokka (D:2)
  A giant cockroach (D:2)
  3 giant newts (D:1)
  3 rats (D:1)
31 creatures vanquished.

Notes
Turn   | Place    | Note
--------------------------------------------------------------
     0 | D:1      | dpvblackbelt the Kobold Enchanter began the quest for the Orb.
     0 | D:1      | Reached XP level 1. HP: 10/10 MP: 3/3
   105 | D:1      | Reached XP level 2. HP: 13/15 MP: 5/5
   165 | D:1      | Learned a level 2 spell: Ensorcelled Hibernation
   736 | D:2      | Reached skill level 4 in Hexes
   736 | D:2      | Reached XP level 3. HP: 17/19 MP: 3/6
   893 | D:2      | Reached skill level 1 in Ice Magic
   904 | D:2      | Noticed Crazy Yiuf
   916 | D:2      | Killed Crazy Yiuf
   916 | D:2      | Reached skill level 2 in Ice Magic
   916 | D:2      | Reached XP level 4. HP: 24/24 MP: 3/7
  1038 | D:2      | HP: 6/24 [adder (1)]
  1044 | D:2      | HP: 3/24 [poisoned by an adder]
  1051 | D:2      | HP: 1/24 [poisoned by an adder]
  1057 | D:3      | HP: 1/24 [poisoned by an adder]
  1062 | D:3      | Succumbed to an adder's poison

Vault maps used:
D:1:      grunt_arrival_lava_bath, monster_avoids_cloud
D:2:      nicolae_gozag_cash_rules_everything_around_me, uniq_crazy_yiuf_cottage
D:3:      serial_park_tiny_1, st_stairs_14, nicolae_ru_the_path_less_chosen

Action                   |  1- 3 |  4- 6 || total
-------------------------+-------+-------++-------
Melee: Dagger            |    82 |    19 ||   101
 Cast: Ensorcelled Hiber |     4 |     5 ||     9
       Corona            |     1 |     1 ||     2
  Use: Potion            |       |     3 ||     3
       Scroll            |       |     1 ||     1
 Stab: Sleeping          |    13 |     2 ||    15
  Eat: Chunk             |     8 |     1 ||     9

Vault maps used:
D:1:      grunt_arrival_lava_bath, monster_avoids_cloud
D:2:      nicolae_gozag_cash_rules_everything_around_me, uniq_crazy_yiuf_cottage
D:3:      serial_park_tiny_1, st_stairs_14, nicolae_ru_the_path_less_chosen

Table legend:
 A = Turns spent in this place as a percentage of turns spent in the entire game.
 B = Non-inter-level travel turns spent in this place as a percentage of non-inter-level travel turns spent in the entire game.
 C = Inter-level travel turns spent in this place as a percentage of turns spent in this place.
 D = Turns resting spent in this place as a percentage of non-inter-level travel turns spent in this place.
 E = Turns spent auto-exploring this place as a percentage of non-inter-level travel turns spent in this place.
 F = Non-inter-level travel turns spent in this place divided by the number of levels of this place that you've seen.
                   A       B       C       D       E      F
               +-------+-------+-------+-------+-------+----------------------
         Total | 100.0 | 100.0 |   0.4 |   1.8 |   9.4 | 148.3
       Dungeon | 100.0 | 100.0 |   0.4 |   1.8 |   9.4 | 148.3
               +-------+-------+-------+-------+-------+----------------------

Table legend:
 A = Kills in this place as a percentage of kills in entire the game.
 B = Kills by you in this place as a percentage of kills by you in the entire game.
 C = Kills by friends in this place as a percentage of kills by friends in the entire game.
 D = Other kills in this place as a percentage of other kills in the entire game.
 E = Experience gained in this place as a percentage of experience gained in the entire game.
 F = Experience gained in this place divided by the number of levels of this place that you have seen.
                   A       B       C       D       E      F
               +-------+-------+-------+-------+-------+----------------------
         Total | 100.0 | 100.0 |  -nan |  -nan | 100.0 |  32.7
       Dungeon | 100.0 | 100.0 |  -nan |  -nan | 100.0 |  32.7
               +-------+-------+-------+-------+-------+----------------------
